 Dungeon Crawl Stone Soup version 0.30-a0-451-ge042605de7 (webtiles) character file.

Game seed: 7257090175598805751

24 cforsyth the Trooper (level 2, 0/27 HPs)
             Began as a Minotaur Berserker on Dec 11, 2022.
             Was a Follower of Trog.
             Slain by a jackal (3 damage)
             ... on level 1 of the Dungeon.
             The game lasted 00:00:36 (272 turns).

cforsyth the Trooper (Minotaur Berserker)            Turns: 272, Time: 00:00:37

Health: 0/27       AC:  2    Str: 21    XL:     2   Next: 79%
Magic:  1/1        EV: 12    Int:  4    God:    Trog [*.....]
Gold:   50         SH:  0    Dex:  9    Spells: 1/1 levels left

rFire   . . .      SeeInvis .    a - +0 hand axe
rCold   . . .      Faith    .    (no shield)
rNeg    . . .      Spirit   .    b - +0 animal skin
rPois   .          Reflect  .    (helmet restricted)
rElec   .          Harm     .    (no cloak)
rCorr   .          Rampage  .    (no gloves)
Will    .....                    (no boots)
Stlth   +.........               (no amulet)
HPRegen 0.24/turn                (no ring)
MPRegen 0.07/turn                (no ring)

@: lethally poisoned (0 -> -17)
A: horns 2, retaliatory headbutt
a: Renounce Religion, Berserk


You were on level 1 of the Dungeon.
You worshipped Trog.
Trog was aware of your devotion.
You visited 1 branch of the dungeon, and saw 1 of its levels.

You collected 50 gold pieces.

Inventory:

Hand Weapons
 a - a +0 hand axe (weapon)
Armour
 b - a +0 animal skin (worn)
Scrolls
 d - a scroll of immolation {unknown}
Potions
 c - 3 potions of flight {unknown}
 e - a potion of cancellation {unknown}
 f - a potion of haste {unknown}


   Skills:
 + Level 4.0 Fighting
 + Level 4.0 Axes
 + Level 2.9 Armour
 + Level 2.6 Dodging


You had one spell level left.
You didn't know any spells.
Your spell library was empty.

Dungeon Overview and Level Annotations

Branches:
Dungeon (1/15)

Altars:


Innate Abilities, Weirdness & Mutations

You have a pair of horns on your head.
You reflexively headbutt those who attack you in melee.


Message History

You are too injured to fight recklessly!
You are too injured to fight recklessly!
You are too injured to fight recklessly!
Unknown command.
You hit the hobgoblin.
You kill the hobgoblin!
Trog accepts your kill.
You closely miss the goblin.
You feel sick.
A frilled lizard comes into view.
The goblin hits you but does no damage.
Unknown command.
Unknown command.
You closely miss the goblin.
The frilled lizard hisses angrily.
Your headbutt misses the goblin.
The goblin is heavily wounded.
You miss the jackal.
You feel sick. The jackal bites you.
The goblin hits you with a +1 dagger of venom.
You are more poisoned.
The jackal bites you. The jackal completely misses you.
You furiously retaliate!
You headbutt the jackal.
Unknown command.
Unknown command.
You barely miss the jackal. You hit the jackal but do no damage.
You closely miss the goblin.
You feel very sick. The goblin closely misses you. The jackal bites you.
The jackal bites you but does no damage.
Unknown command.
Unknown command.
You closely miss the jackal. You barely miss the jackal.
You barely miss the goblin.
* * * LOW HITPOINT WARNING * * *
You feel very sick. The jackal barely misses you.
The goblin hits you but does no damage.
You are more poisoned.
The jackal bites you.
* * * LOW HITPOINT WARNING * * *
The jackal closely misses you. The jackal bites you.
You die... #...#... #.#.#.# .#.( ... ..#...# ... ..# ###.### #.....## #...# ...... ###.### #.#l.# #.....# #....# #.###.# #ghh#

#...#.# #.@# #####.# #
####..+ #...#<#
####....## .. #.#.###
#...>...# #... ..#...+
#....##.##...#.
#.###.###....#.........
#...#.....##...........
###.######......(.##..#
###.#####..#..(...# ..


You could see 2 jackals, a goblin and a frilled lizard.

Vanquished Creatures
  2 dart slugs (D:1)
  2 endoplasms (D:1)
  2 giant cockroaches (D:1)
  4 goblins (D:1)
  3 hobgoblins (D:1)
  A kobold (D:1)
  3 bats (D:1)
17 creatures vanquished.

Notes
Turn   | Place    | Note
-------+----------+-------------------------------------------
     0 | D:1      | cforsyth the Minotaur Berserker began the quest for the
                  | Orb.
     0 | D:1      | Reached XP level 1. HP: 19/19 MP: 0/0
    69 | D:1      | HP: 1/20 [frozen (4)]
   159 | D:1      | Reached XP level 2. HP: 27/27 MP: 1/1
   272 | D:1      | Slain by a jackal

Illustrated notes

Levels and vault maps discovered:
D:1:      elethiomel_arrival_maze, layout_basic, minmay_pentomino_q4

Skill      XL: |  1  2 |
---------------+-------+-----
Fighting       | 4 |  4.0
Axes           | 4 |  4.0
Armour         | |  2.9
Dodging        | |  2.6

Action                   || total
-------------------------++-------
Melee: Hand axe          ||    27
       Headbutt          ||     4
Armor: Animal skin       ||     9
Dodge: Dodged            ||    26

Table legend: (Time is in decaauts)
 A = Elapsed time spent in this place.
 B = Non-inter-level travel time spent in this place.
 C = Inter-level travel time spent in this place.
 D = Time resting spent in this place.
 E = Time spent auto-exploring this place.
 F = Levels seen in this place.
 G = Mean time per level.
                   A        B        C        D        E       F      G
               +--------+--------+--------+--------+--------+-----+--------+
         Total |    274 |    274 |      0 |      0 |    194 |   1 |  274.0 |
       Dungeon |    274 |    274 |      0 |      0 |    194 |   1 |  274.0 |
               +--------+--------+--------+--------+--------+-----+--------+

Top non-repeatable levels by time:
     D:1: 274 daAuts
